 Dungeon Crawl Stone Soup version 0.31-a0-702-gf82c85558f (webtiles) character file.

Game seed: 7868149996102077722

28 qw the Shooter (level 3, -1/21 HPs)
             Began as a Gargoyle Hunter on Sept 8, 2023.
             Slain by Sigmund
             ... wielding a +0 scythe
              (6 damage)
             ... on level 2 of the Dungeon.
             The game lasted 00:00:24 (782 turns).

qw the Shooter (Gargoyle Hunter)                     Turns: 782, Time: 00:00:25

Health: -1/21      AC:  6    Str: 14    XL:     3   Next: 12%
Magic:  3/3        EV: 11    Int:  9    God:
Gold:   32         SH:  0    Dex: 15    Spells: 2/2 levels left

rFire   . . .        Y - +1 shortbow
rCold   . . .        (shield currently unavailable)
rNeg    + + .        c - +0 leather armour
rPois   inf          (no helmet)
rElec   +            (no cloak)
rCorr   .            (no gloves)
SInv    .            (no boots)
Will    .....        (no amulet)
Stlth   ++           g - ring of positive energy
HPRegen 0.23/turn    (no ring)
MPRegen 0.08/turn

%: no passive effects
@: weak-willed
A: sickness immunity, AC +3, negative energy resistance 1, electricity
resistance, torment resistance 1, petrification resistance
a: no special abilities


You were on level 2 of the Dungeon.
You visited 1 branch of the dungeon, and saw 2 of its levels.

You collected 32 gold pieces.


Innate Abilities, Weirdness & Mutations

You are immune to sickness and miasma.
Your stone body is resilient. (AC +3)
You are immune to poison.
You resist negative energy. (rN+)
You are resistant to electric shocks. (rElec)
You are resistant to unholy torment.
You are immune to petrification.


   Skills:
 + Level 2.1 Fighting
 - Level 5.0 Ranged Weapons
 - Level 1.5 Dodging
 - Level 1.1 Stealth


You had 2 spell levels left.
You didn't know any spells.
Your spell library was empty.

Inventory:

Hand Weapons
 Y - a +1 shortbow (weapon)
Armour
 c - a +0 leather armour (worn)
Jewellery
 g - a ring of positive energy (left hand)

Dungeon Overview and Level Annotations

Branches:
Dungeon (2/15)

Altars:

Annotations:
D:1 1 runed translucent door
D:2 Sigmund


Message History

The ball python barely misses you. The ball python closely misses you.
Sigmund casts a spell at you. The magic dart hits you.
771 ||| DRINKING potion of curing.
You feel better.
771 ||| (to cure confusion)
The ball python bites you but does no damage.
The ball python barely misses you. Sigmund barely misses you.
The ball python misses you. The ball python barely misses you.
You shoot an arrow. The arrow barely misses Sigmund.
The ball python barely misses you. The ball python grabs you.
The ball python constricts you. Sigmund hits you with a +0 scythe.
You shoot an arrow. The arrow hits the ball python.
You kill the ball python!
Your Ranged Weapons skill increases to level 5!
You shoot an arrow. The arrow closely misses Sigmund.
Sigmund hits you but does no damage.
You shoot an arrow. The arrow closely misses Sigmund.
Sigmund hits you but does no damage.
You shoot an arrow. The arrow barely misses Sigmund.
Sigmund casts a spell at you. The magic dart hits you.
You shoot an arrow.
The arrow hits Sigmund but does no damage.
Sigmund is lightly wounded.
Sigmund gestures at you while chanting. The magic dart hits you!
You shoot an arrow. The arrow hits Sigmund.
Sigmund is lightly wounded.
Sigmund closely misses you.
You shoot an arrow. The arrow closely misses Sigmund.
Sigmund hits you with a +0 scythe.
You shoot an arrow.
The arrow hits Sigmund but does no damage.
Sigmund is lightly wounded.
Sigmund closely misses you.
You shoot an arrow. The arrow completely misses Sigmund.
You shoot an arrow. The arrow closely misses Sigmund.
Sigmund hits you with a +0 scythe.
You die...
Sigmund begins carving another notch in his scythe.

####### .......
.......#####+##
.......@...$...
.......@.......
...............
..........##+#.
............
############.
.. .


You could see Sigmund.

Vanquished Creatures
  A dart slug (D:1)
  A bat (D:1)
  3 endoplasms (D:1)
  3 giant cockroaches (D:1)
  A goblin (D:1)
  2 hobgoblins (D:1)
  4 jackals (D:1)
  A quokka (D:1)
  2 ball pythons
  A frilled lizard (D:1)
  2 kobolds (D:1)
21 creatures vanquished.

Notes
Turn   | Place    | Note
-------+----------+-------------------------------------------
     0 | D:1      | qw the Gargoyle Hunter began the quest for the Orb.
     0 | D:1      | Reached XP level 1. HP: 12/12 MP: 1/1
     0 | D:1      | 0 ||| qw: Version: 0.3-a-76-g4403597
     0 | D:1      | 0 ||| qw: Game counter: 1224
     0 | D:1      | 0 ||| qw: Melee chars always use a shield: true
     0 | D:1      | 0 ||| qw: God list: Okawaru
     0 | D:1      | 0 ||| qw: Allow faded altars: false
     0 | D:1      | 0 ||| qw: Do Orc after clearing Dungeon:15 true
     0 | D:1      | 0 ||| qw: Do second Lair branch before Depths: true
     0 | D:1      | 0 ||| qw: Lair rune preference: random
     0 | D:1      | 0 ||| qw: Goals: Normal
     0 | D:1      | 0 ||| PLANNING D:1-11
     1 | D:1      | Found a runed translucent door.
    38 | D:1      | 38 ||| READING scroll labelled TOZXAU KUTYIM.
    39 | D:1      | 39 ||| DROPPING scroll of butterflies.
   112 | D:1      | 112 ||| Stepping ~*~*~tactically~*~*~ (retreating).
   123 | D:1      | Reached XP level 2. HP: 14/17 MP: 2/2
   438 | D:1      | Reached XP level 3. HP: 21/21 MP: 3/3
   751 | D:1      | 751 ||| UPGRADING to ring of positive energy.
   752 | D:1      | 752 ||| READING 2 scrolls labelled JIAWEKYPEH.
   753 | D:1      | 753 ||| READING scroll labelled VIASHU YT RAQ.
   754 | D:1      | 754 ||| READING scroll labelled ABLUXTUPPO.
   759 | D:1      | 759 ||| READING 2 scrolls labelled TUYJUK MUGINU.
   760 | D:1      | 760 ||| READING scroll labelled IZOGGO BAQE UKH.
   761 | D:1      | 761 ||| READING scroll labelled OWNUUR GOUPP.
   762 | D:1      | 762 ||| DRINKING 2 sedimented green potions.
   763 | D:1      | 763 ||| DROPPING scroll of revelation.
   764 | D:1      | 764 ||| DROPPING scroll of blinking.
   767 | D:2      | Noticed Sigmund
   769 | D:2      | 769 ||| STAIRDANCE
   771 | D:2      | 771 ||| DRINKING potion of curing.
   771 | D:2      | 771 ||| (to cure confusion)
   774 | D:2      | Reached skill level 5 in Ranged Weapons
   779 | D:2      | HP: 4/21 [Sigmund/+0 scythe (5)]
   782 | D:2      | Slain by Sigmund

Levels and vault maps discovered:
D:1:      dpeg_arrival_caged_fury, layout_basic, serial_forest,
          infiniplex_forest_clump_tiny, infiniplex_forest_clump_cross,
          infiniplex_forest_lined_room_2, infiniplex_forest_straight_3,
          infiniplex_forest_clump_medium, infiniplex_forest_straight_2,
          infiniplex_forest_clump_medium, infiniplex_forest_split
D:2:      layout_basic, ebering_ecumenical_altar_webs, uniq_robin,
          uniq_crazy_yiuf_cottage, uniq_sigmund, uniq_terence

Skill      XL: |  1  2  3 |
---------------+----------+-----
Ranged Weapons | 5 |  5.0
Fighting       | |  2.1
Dodging        | |  1.5
Stealth        | |  1.1

Action                     || total
---------------------------++-------
   Fire: Shortbow          ||    85
    Use: Scroll            ||     7
         Potion            ||     2
 Armour: Leather armour    ||    33
  Dodge: Dodged            ||    44

Table legend:
 A = Non-vault XP
 B = Vault XP
 C = Vault XP percentage of total XP
 D = Non-vault monster count
 E = Vault monster count
 F = Vault count percentage of total count
                 A         B        C        D         E       F
            +---------+---------+-------+---------+---------+-------
      Total |      40 |       0 |   0.0 |      21 |       0 |   0.0
            +---------+---------+-------+---------+---------+-------
        D:1 |      38 |       0 |   0.0 |      20 |       0 |   0.0
        D:2 |       2 |       0 |   0.0 |       1 |       0 |   0.0
            +---------+---------+-------+---------+---------+-------
